 Dungeon Crawl Stone Soup version 0.22.0-6-g71bd7aa6b3 (webtiles) character file.

32445 Rrauwl the Bludgeoner (level 13, -3/107 HPs)
             Began as a Troll Hunter on Aug 16, 2018.
             Was a High Priest of Makhleb.
             Slain by a komodo dragon (8 damage)
             ... on level 6 of the Lair of Beasts.
             The game lasted 01:01:47 (14974 turns).

Rrauwl the Bludgeoner (Troll Hunter)               Turns: 14974, Time: 01:01:48

Health: -3/107     AC: 11    Str: 27    XL:     13   Next: 31%
Magic:  15/15      EV:  1    Int: 10    God:    Makhleb [*****.]
Gold:   1260       SH:  0    Dex: 12    Spells: 11/12 levels left

rFire    . . .     SeeInvis .   a - +0 giant club
rCold    . . .     Gourm    +   (shield currently unavailable)
rNeg     + + +     Faith    .   z - +0 troll leather armour
rPois    ∞         Spirit   .   h - +1 hat {Int+3}
rElec    .         Reflect  .   f - +0 cloak
rCorr    .         Harm     .   (gloves unavailable)
MR       +....                  (boots unavailable)
Stlth    +.........             p - amulet of rage
HPRegen  1.07/turn              w - ring of protection from magic
MPRegen  0.14/turn              s - +5 ring of evasion

@: petrified
A: large, unfitting armour, claws 3, talons 1, iridescent scales 1, agile 1,
fast metabolism 3, gourmand, regeneration 1, shaggy fur 1, tough skin 2
a: Minor Destruction, Lesser Servant of Makhleb, Major Destruction, Greater
Servant of Makhleb, Renounce Religion, Evoke Berserk Rage


You were on level 6 of the Lair of Beasts.
You worshipped Makhleb.
Makhleb was extremely pleased with you.
You were full.

You visited 3 branches of the dungeon, and saw 18 of its levels.
You also visited: Sewer.

You collected 1260 gold pieces.

Inventory:

Hand Weapons
 a - a +0 giant club (weapon)
 c - a +1 giant spiked club
Missiles
 r - 11 large rocks (quivered)
 A - 4 throwing nets
Armour
 f - a +0 cloak (worn)
 h - a +1 hat of intelligence (worn)
 m - the +0 hat "Qauteuq" {Regen+}
   (You acquired it on level 2 of the Lair of Beasts)

   It increases your rate of regeneration.
 z - a +0 troll leather armour (worn)
 B - +0 steam dragon scales
 G - +0 steam dragon scales
Jewellery
 g - an uncursed ring of positive energy
 p - an amulet of rage (around neck)
 s - a +5 ring of evasion (right claw)
 w - a ring of protection from magic (left claw)
Wands
 j - a wand of paralysis (29)
 k - a wand of polymorph (14)
 l - a wand of scattershot (10)
 u - a wand of flame (46)
 y - a wand of clouds (3)
 C - a wand of digging (24)
Scrolls
 b - a scroll of amnesia
 i - 17 scrolls of identify
 n - 6 scrolls of remove curse
 o - a scroll of blinking
 q - 4 scrolls of teleportation
 F - a scroll of magic mapping
Potions
 t - 2 potions of curing
 v - 3 potions of ambrosia
 x - 2 potions of might
 D - 2 potions of mutation
Miscellaneous
 E - a lightning rod (4/4)
 H - a phial of floods
Comestibles
 e - 45 rations


   Skills:
 - Level 2.0 Fighting
 + Level 18.3 Maces & Flails
 - Level 5.0 Throwing
 - Level 2.0 Armour
 - Level 2.0 Dodging
 - Level 1.0 Stealth
 - Level 5.0 Invocations
 - Level 1.0 Evocations


You had 11 spell levels left.
You knew the following spells:

 Your Spells              Type           Power        Failure   Level  Hunger
a - Apportation           Tloc           #.....       38%         1    ##.....

Your spell library contained the following spells:

 Spells                   Type           Power        Failure   Level  Hunger
 Summon Small Mammal      Summ           #...         38%         1    ##.....
 Bolt of Draining         Conj/Necr      #.........   100%        5    ######.
 Animate Dead             Necr           N/A          99%         4    #####..
 Animate Skeleton         Necr           N/A          38%         1    ##.....
 Dispel Undead            Necr           #.......     100%        5    ######.
 Sublimation of Blood     Necr           #.........   54%         2    ###....
 Corpse Rot               Necr           N/A          54%         2    ###....
 Recall                   Summ/Tloc      N/A          77%         3    ####...
 Agony                    Necr           #.......     100%        5    ######.
 Death Channel            Necr           #.........   100%        6    #######
 Confusing Touch          Hex            #.....       38%         1    ##.....
 Simulacrum               Ice/Necr       #.........   100%        6    #######
 Excruciating Wounds      Chrm/Necr      #.........   100%        5    ######.
 Borgnjor's Vile Clutch   Necr/Erth      #.........   100%        5    ######.


Dungeon Overview and Level Annotations

Branches:
Dungeon (11/15)            Temple (1/1) D:7            Lair (6/6) D:11
 Shoals (0/4) Lair:4       Spider (0/4) Lair:4        Slime (0/5) Lair:5
    Orc (0/2) D:11

Altars:
Ashenzari
Cheibriados
Dithmenos
Elyvilon
Fedhas
Gozag
Hepliaklqana
Kikubaaqudgha
Makhleb
Nemelex Xobeh
Okawaru
Qazlal
Ru
Sif Muna
Trog
Uskayaw
Vehumet
Wu Jian
Xom
Yredelemnul
Zin
The Shining One
Jiyva

Shops:
D:8 }   D:10 [

Portals:
Trove: D:11 (show abyssal rune of Zot)

Annotations:
Lair:6 1 runed door


Innate Abilities, Weirdness & Mutations

You are too large for most types of armour.
You have claws for hands.
Your metabolism is lightning-fast.
You like to eat raw meat.
Your natural rate of healing is unusually fast.
You are covered in fur. (AC +1)
You have very tough skin. (AC +2)
You have sharp toenails.
You are partially covered in iridescent scales. (AC +2)
You are agile. (Dex +2)


Message History

Your neqoxec barely misses the komodo dragon.
The komodo dragon bites you but does no damage.
Your white imp hits the lava snake.
Your white imp freezes the lava snake.
The lava snake is frozen!
The lava snake dies!
Makhleb accepts your kill.
Your white imp gestures at the komodo dragon.
The puff of frost hits the komodo dragon.
The wyvern bites you but does no damage.
Your neqoxec gestures at the komodo dragon.
The komodo dragon twists and deforms.
The komodo dragon bites your neqoxec. The wyvern bites you!
* * * LOW HITPOINT WARNING * * *
Your white imp hits the komodo dragon.
Your white imp freezes the komodo dragon.
The komodo dragon seems to slow down.
The wyvern bites you.
* * * LOW HITPOINT WARNING * * *
Your neqoxec hits the komodo dragon! The komodo dragon bites you!
You die...

#.#.....## #≈ #≈ ###..
..#.....## ≈≈#§ .#...
.........# #§#S ......
.........## #§§≈# ......
..........# #§§≈ #....
P#........# #§≈#S..
........### ###§§l#
≈≈≈P...#######8##ll#
≈≈≈....# #8#...#@l###≈≈
≈≈≈..### ##....5355≈≈≈≈§
≈≈≈#######......#§≈§§≈≈§
..≈####........§§§≈#####
....#.........#§≈≈## $$
...#........##≈≈§§#$}..
÷.#.####........≈≈#....
..)### ##.......#≈#....
.....# ##......#§#....


You could see a komodo dragon, a black mamba, 2 basilisks, a wyvern, a friendly
neqoxec, a friendly iron imp and 2 friendly white imps.

Vanquished Creatures
  Gastronok (Lair:3)
  5 hydras
  Erica (D:11)
  2 ugly things (D:11)
  An orb spider (Lair:4)
  4 oklob plants (Lair:5)
  2 black mambas
  2 molten gargoyles (Lair:6)
  9 spiny frogs
  A centaur skeleton (D:11)
  3 rime drakes
  A gargoyle (D:11)
  6 komodo dragons
  A guardian mummy (D:11)
  A queen bee (D:11)
  A troll (D:11)
  A polar bear (Lair:6)
  A snapping turtle (Lair:4)
  8 hippogriffs
  6 blink frogs
  Eustachio (D:4)
  A wyvern (Lair:6)
  2 shadows
  18 yaks
  4 basilisks
  2 hungry ghosts
  2 steam dragons
  An acid dragon (D:11)
  4 water moccasins
  10 porcupines
  Purgy (Sewer)
  3 orc warriors (D:10)
  2 black bears
  2 ice beasts
  2 sky beasts
  A necrophage (D:7)
  4 phantoms
  8 ogres
  10 wolves
  5 centaurs
  7 crocodiles
  10 bullfrogs
  2 big kobolds
  3 gnoll sergeants
  4 scorpions
  2 troll zombies (D:11)
  22 killer bees (D:11)
  10 wights
  2 howler monkeys (D:7)
  7 electric eels
  A bullfrog zombie (D:5)
  A centaur zombie (D:8)
  5 crimson imps
  2 bullfrog skeletons
  5 orc priests
  2 hounds
  2 jellies
  6 iguanas
  10 orc wizards
  9 worker ants
  6 ogre zombies (D:11)
  2 hound skeletons
  A worker ant zombie (D:6)
  12 gnolls
  2 howler monkey skeletons
  5 river rats (D:5)
  10 adders
  2 shadow imps
  2 oozes
  An adder zombie (D:7)
  4 worms
  5 dart slugs
  10 leopard geckos
  48 orcs
  8 giant cockroaches
  10 hobgoblins
  16 jackals
  6 quokkas
  A ball python (D:1)
  12 bats
  12 frilled lizards
  7 goblins
  2 goblin skeletons (D:11)
  3 goblin zombies (D:11)
  2 hobgoblin zombies (D:11)
  A jackal zombie (D:6)
  17 kobolds
  A leopard gecko zombie (D:8)
  4 orc skeletons (D:11)
  12 orc zombies (D:11)
  4 rats
  3 fungi (Lair:5)
  3 plants
486 creatures vanquished.

Vanquished Creatures (collateral kills)
  A molten gargoyle (Lair:6)
  A rime drake (Lair:6)
  A wyvern (Lair:3)
  2 basilisks (Lair:6)
  A wolf (Lair:3)
  A lava snake (Lair:6)
7 creatures vanquished.

Vanquished Creatures (others)
  4 fungi
  6 plants
10 creatures vanquished.

Grand Total: 503 creatures vanquished

Notes
Turn   | Place    | Note
-------+----------+-------------------------------------------
     0 | D:1      | Rrauwl the Troll Hunter began the quest for the Orb.
     0 | D:1      | Reached XP level 1. HP: 19/19 MP: 0/0
   169 | D:1      | Reached XP level 2. HP: 27/28 MP: 1/1
   536 | D:1      | Reached XP level 3. HP: 35/35 MP: 2/2
   605 | D:1      | Reached skill level 1 in Stealth
  1045 | D:2      | Found a white marble altar of Elyvilon.
  1278 | D:2      | Found an ancient bone altar of Kikubaaqudgha.
  1390 | D:2      | Reached XP level 4. HP: 32/42 MP: 3/3
  1819 | D:3      | Found a sparkling altar of Nemelex Xobeh.
  2098 | D:3      | Reached skill level 5 in Throwing
  2198 | D:3      | Found a deep blue altar of Sif Muna.
  2336 | D:3      | Found an opulent altar of Gozag.
  2560 | D:3      | Reached skill level 1 in Maces & Flails
  2673 | D:4      | Noticed Eustachio
  2680 | D:4      | Killed Eustachio
  2680 | D:4      | Reached skill level 3 in Maces & Flails
  2680 | D:4      | Reached XP level 5. HP: 49/49 MP: 4/4
  2680 | D:4      | Reached XP level 6. HP: 57/57 MP: 5/5
  2693 | D:4      | Found a bloodstained altar of Trog.
  2875 | D:4      | Learned a level 1 spell: Apportation
  3033 | D:4      | Gained mutation: You are agile. (Dex +2) [potion of mutation]
  3033 | D:4      | Gained mutation: You are partially covered in iridescent scales. (AC +2) [potion of mutation]
  3033 | D:4      | Gained mutation: You have sharp toenails. [potion of mutation]
  3089 | D:4      | Reached skill level 4 in Maces & Flails
  3267 | D:5      | Entered Level 5 of the Dungeon
  3378 | D:5      | Reached skill level 5 in Maces & Flails
  3499 | D:5      | Reached XP level 7. HP: 57/65 MP: 6/6
  3901 | D:5      | Reached skill level 6 in Maces & Flails
  3919 | D:5      | Found a glowing drain.
  3933 | Sewer    | Entered a sewer
  4048 | Sewer    | Noticed Purgy
  4057 | Sewer    | Killed Purgy
  4282 | D:6      | Reached skill level 7 in Maces & Flails
  4347 | D:6      | Reached XP level 8. HP: 25/72 MP: 7/7
  4557 | D:6      | Reached skill level 8 in Maces & Flails
  4819 | D:6      | Reached skill level 9 in Maces & Flails
  5129 | D:7      | Found a staircase to the Ecumenical Temple.
  5235 | Temple   | Entered the Ecumenical Temple
  5240 | Temple   | Became a worshipper of Makhleb the Destroyer
  5416 | D:7      | Reached skill level 1 in Invocations
  5416 | D:7      | Reached XP level 9. HP: 79/79 MP: 8/8
  5577 | D:7      | HP: 3/79 [centaur (8)]
  5578 | D:7      | Reached skill level 10 in Maces & Flails
  5846 | D:7      | Found a sacrificial altar of Ru.
  5903 | D:7      | Found a shattered altar of Ashenzari.
  5906 | D:7      | Reached * piety under Makhleb
  6325 | D:8      | Reached skill level 11 in Maces & Flails
  6374 | D:8      | Found Fetal's Gadget Emporium.
  6404 | D:8      | Found a radiant altar of Vehumet.
  6536 | D:8      | Reached ** piety under Makhleb
  6774 | D:9      | Reached skill level 12 in Maces & Flails
  6774 | D:9      | Reached XP level 10. HP: 78/86 MP: 10/10
  7086 | D:9      | Found a glowing silver altar of Zin.
  7120 | D:9      | Found a snail-covered altar of Cheibriados.
  7481 | D:10     | Entered Level 10 of the Dungeon
  7522 | D:10     | Found Tuotzasi's Antique Armour Shoppe.
  7668 | D:10     | Reached *** piety under Makhleb
  7768 | D:10     | Reached skill level 13 in Maces & Flails
  8256 | D:11     | Reached **** piety under Makhleb
  8344 | D:11     | Reached skill level 1 in Evocations
  8429 | D:11     | Reached XP level 11. HP: 93/93 MP: 12/12
  8502 | D:11     | Noticed a purple ugly thing
  8511 | D:11     | Killed a purple ugly thing
  8543 | D:11     | Found a staircase to the Orcish Mines.
  8543 | D:11     | Noticed a brown ugly thing
  8578 | D:11     | Killed a brown ugly thing
  8578 | D:11     | Reached skill level 14 in Maces & Flails
  8634 | D:11     | Reached ***** piety under Makhleb
  8783 | D:11     | Found a staircase to the Lair.
  8817 | D:11     | Reached skill level 5 in Invocations
  8856 | D:11     | Noticed Erica
  8899 | D:11     | HP: 4/93 [gargoyle/dire flail (21)]
  8928 | D:11     | HP: 4/93 [gargoyle/dire flail (22)]
  9060 | D:11     | Killed Erica
  9565 | D:11     | Found a portal to a secret trove of treasure.
  9665 | Lair:1   | Entered Level 1 of the Lair of Beasts
  9728 | Lair:1   | Reached skill level 15 in Maces & Flails
 10226 | Lair:2   | Noticed a five-headed hydra
 10397 | Lair:2   | Identified a scroll of acquirement
 10398 | Lair:2   | Got a polished hat
 10404 | Lair:2   | Identified the +0 hat "Qauteuq" {Regen+} (You acquired it on level 2 of the Lair of Beasts)
 10575 | Lair:2   | Reached XP level 12. HP: 39/101 MP: 14/14
 10683 | Lair:2   | Killed a five-headed hydra
 10977 | Lair:2   | Reached skill level 16 in Maces & Flails
 11462 | Lair:3   | Noticed Gastronok
 11492 | Lair:3   | Killed Gastronok
 11938 | Lair:3   | Reached skill level 1 in Armour
 12357 | Lair:4   | Found a hole to the Spider Nest.
 12528 | Lair:4   | Reached skill level 17 in Maces & Flails
 12875 | Lair:4   | Noticed a six-headed hydra
 12883 | Lair:4   | Killed a six-headed hydra
 12987 | Lair:4   | Found a staircase to the Shoals.
 13156 | Lair:5   | Found a viscous altar of Jiyva.
 13156 | Lair:5   | Found a staircase to the Slime Pits.
 13380 | Lair:5   | Noticed a four-headed hydra
 13397 | Lair:5   | Killed a four-headed hydra
 13493 | Lair:5   | Reached XP level 13. HP: 88/107 MP: 15/15
 14581 | Lair:6   | Entered Level 6 of the Lair of Beasts
 14603 | Lair:6   | Reached skill level 18 in Maces & Flails
 14928 | Lair:6   | Noticed a fire dragon
 14929 | Lair:6   | Found a large runed door.
 14974 | Lair:6   | HP: 5/107 [wyvern (2)]
 14974 | Lair:6   | Slain by a komodo dragon

Skill      XL: |  1  2  3  4  5  6  7  8  9 10 11 12 13 |
---------------+----------------------------------------+-----
Dodging        | 2 |  2.0
Fighting       | 2 |  2.0
Stealth        | 1 |  1.0
Throwing       | 4 5 |  5.0
Maces & Flails | 3 5 7 9 12 13 15 17 18 | 18.3
Invocations    | 1 2 3 5 |  5.0
Evocations     | 1 |  1.0
Armour         | 2 |  2.0

Action                   |  1- 3 |  4- 6 |  7- 9 | 10-12 | 13-15 || total
-------------------------+-------+-------+-------+-------+-------++-------
Melee: Short sword       |   192 |   122 |       |       |       ||   314
       Flail             |       |   197 |   333 |   872 |       ||  1402
       Kick              |       |    16 |    91 |   286 |    34 ||   427
       Giant club        |       |       |       |    48 |    80 ||   128
Throw: Large rock        |     1 |       |    15 |    84 |    14 ||   114
       Javelin           |       |     2 |    43 |     3 |       ||    48
       Throwing net      |       |       |     2 |     1 |       ||     3
Invok: Lesser Servant of |       |       |       |     2 |     2 ||     4
Evoke: Wand              |       |       |     1 |     1 |     4 ||     6
  Use: Potion            |     4 |     8 |     2 |     8 |     2 ||    24
       Scroll            |     4 |     6 |     2 |     5 |       ||    17
 Stab: Sleeping          |     1 |     2 |     4 |     1 |       ||     8
       Invisible         |     1 |       |       |     1 |       ||     2
       Held in net/web   |       |       |       |     2 |       ||     2
  Eat: Chunk             |    13 |    24 |    33 |    76 |    10 ||   156
Armor: Robe              |    75 |   144 |    99 |    97 |       ||   415
       Troll leather arm |       |       |       |    89 |    19 ||   108
Dodge: Dodged            |   115 |   183 |   211 |   518 |    40 ||  1067
